AoeStats
← BigOleChunguss

Black Forest

510420590Analyzed
2v2 RM · 1d ago on Sep 30, 2026· 31m 26s· 4 players
Game mode
Random Map
Map size
Medium (4 player)
Population
200
Speed
Normal
Resources
Standard
Victory
Conquest
Starting age
Dark Age
Ending age
Imperial Age
RankedLock teamsTeams togetherTeam positionsShared explorationLock speedFull tech treeHidden civsTurbo modeCheats
Victory
Defeat
🇺🇸 Turks · United States
1059
+14
🇺🇸 Persians · United States
558
+30
🇺🇸 Varangians · United States
981
-22
🇺🇸 Malay · United States
981
-22
fadiobeid44
0:29 Loom
12:14 Feudal Age
13:27 Wheelbarrow
12:35 Horse Collar
12:45 Double-Bit Axe
18:44 Gold Mining
24:01 Castle Age
22:27 Stone Mining
25:41 Hand Cart
25:46 Bow Saw
25:39 Pikeman
28:52 Stone Shaft Mining
29:50 Gold Shaft Mining
29:17 Crossbowman
29:59 Town Watch
30:25 Squires
31:55 Heavy Plow
BigOleChunguss
0:55 Loom
11:25 Feudal Age
16:40 Castle Age
15:29 Stone Mining
15:41 Double-Bit Axe
16:09 Horse Collar
20:25 Fletching
22:23 Bow Saw
26:59 Wheelbarrow
31:25 Imperial Age
29:20 Gold Mining
MoistureFarm
0:38 Loom
12:32 Feudal Age
12:28 Double-Bit Axe
12:28 Horse Collar
20:12 Castle Age
28:16 Bow Saw
28:49 Wheelbarrow
30:31 Town Watch
33:25 Imperial Age
SCOTTICU5
1:25 Loom
2:22 Loom
14:07 Feudal Age
18:16 Castle Age
22:37 Double-Bit Axe
22:37 Horse Collar
26:04 Fletching
Connection lost

Rejoining the realm…

Still unreachable

The connection could not be restored.

Session expired

The server has moved on; the page needs a fresh start.